[ AOE2 MATCH · #475806234 ]
UnrankedBohemians vs Burgundians
[ REPLAY ANALYSIS · EXTRACTED FROM THE RECORDED GAME ]
Feudal
14:29
Castle
18:15
Imperial
33:32
| APM avg | 25.8 |
| APM peak | 64 |
| eAPM avg | 14.0 |
| Villagers / military | 160 / 17 |
Focus
⚔️ 14.4% · 🌾 85.6%
Trade Cart ×11 · Hussite Wagon ×10 · Bombard Cannon ×7
Feudal
10:55
Castle
14:25
Imperial
29:07
| APM avg | 43.3 |
| APM peak | 89 |
| eAPM avg | 26.6 |
| Villagers / military | 177 / 68 |
Focus
⚔️ 25.4% · 🌾 74.6%
Unknown (882) ×107 · Genoese Crossbowman ×58 · Bombard Cannon ×7 · Trebuchet (Packed) ×3
Feudal
12:12
Castle
16:55
Imperial
37:36
| APM avg | 27.2 |
| APM peak | 53 |
| eAPM avg | 16.8 |
| Villagers / military | 154 / 54 |
Focus
⚔️ 17.7% · 🌾 82.3%
Spearman ×30 · Coustillier ×12 · Mangonel ×10 · Monk ×2
Feudal
10:41
Castle
14:20
Imperial
29:04
| APM avg | 23.7 |
| APM peak | 47 |
| eAPM avg | 16.2 |
| Villagers / military | 133 / 161 |
Focus
⚔️ 18.9% · 🌾 81.1%
Archer ×150 · Spearman ×3 · War Elephant ×3 · Trebuchet (Packed) ×2 · Petard ×2 · Monk ×1
Feudal
10:59
Castle
14:30
Imperial
30:25
| APM avg | 29.7 |
| APM peak | 54 |
| eAPM avg | 20.0 |
| Villagers / military | 190 / 148 |
Focus
⚔️ 24.5% · 🌾 75.5%
Plumed Archer ×100 · Eagle Scout ×45 · Trebuchet (Packed) ×3
Feudal
10:16
Castle
22:58
Imperial
—
| APM avg | 16.5 |
| APM peak | 37 |
| eAPM avg | 9.1 |
| Villagers / military | 123 / 17 |
Focus
⚔️ 16.7% · 🌾 83.3%
Conquistador ×15 · Spearman ×2 · Trade Cart ×1
Feudal
9:21
Castle
20:12
Imperial
32:42
| APM avg | 43.1 |
| APM peak | 75 |
| eAPM avg | 26.1 |
| Villagers / military | 112 / 96 |
Focus
⚔️ 41.4% · 🌾 58.6%
Steppe Lancer ×74 · Battering Ram ×11 · Petard ×3 · Trebuchet (Packed) ×3 · Monk ×2 · Camel Scout ×2
Feudal
11:46
Castle
15:28
Imperial
30:39
| APM avg | 32.8 |
| APM peak | 80 |
| eAPM avg | 20.2 |
| Villagers / military | 137 / 102 |
Focus
⚔️ 14.9% · 🌾 85.1%
Spearman ×56 · Fire Lancer ×28 · War Wagon ×9 · Trebuchet (Packed) ×5 · Iron Pagoda ×3 · Monk ×1
Match map
Initial resources + every placement click. Lines = walls · curves = elevation contours. ◆ gold · ⬟ stone · ● berries · ✦ relic · ◌ wall gap
Your base· ✓ Closed at 18:15 · 0t walls · 2 gate(s)
Moquazinth's base· ✓ Closed at 14:25 · 0t walls · 3 gate(s)
mystic's base· ✓ Closed at 16:55 · 0t walls · 2 gate(s)
Olufe jam'kon's base· ✓ Closed at 14:20 · 0t walls · 3 gate(s)
AA Is God's base· ✓ Closed at 14:30 · 0t walls · 2 gate(s)
291977362's base· ✓ Closed at 22:58 · 0t walls · 3 gate(s)
[GDL] Aleex's base· ✓ Closed at 20:12 · 0t walls · 2 gate(s)
dearflight's base· ✓ Closed at 15:28 · 0t walls · 3 gate(s)
Smoothed initial terrain · ◌ = detected wall gap · hover for details
Inputs per minute
— Bench - - Moquazinth
Build order — Bench
First 150 of 285 actions detected
| 0:01 | Research | Loom |
| 0:02 | Create | Villager (Male) |
| 0:02 | Create | Villager (Male) |
| 0:03 | Build | House |
| 0:04 | Build | House |
| 0:06 | Build | House |
| 0:44 | Create | Villager (Male) |
| 0:44 | Create | Villager (Male) |
| 2:02 | Create | Villager (Male) |
| 2:31 | Create | Villager (Male) |
| 2:49 | Create | Villager (Male) |
| 3:19 | Create | Villager (Male) |
| 3:42 | Create | Villager (Male) |
| 4:09 | Build | Lumber Camp |
| 4:18 | Create | Villager (Male) |
| 4:40 | Create | Villager (Male) |
| 4:40 | Create | Villager (Male) |
| 4:48 | Build | Mining Camp |
| 5:11 | Create | Villager (Male) |
| 5:11 | Create | Villager (Male) |
| 5:17 | Build | Mining Camp |
| 5:31 | Create | Villager (Male) |
| 5:57 | Create | Villager (Male) |
| 6:07 | Build | Mill |
| 6:11 | Create | Villager (Male) |
| 6:47 | Create | Villager (Male) |
| 7:12 | Create | Villager (Male) |
| 7:22 | Build | House |
| 7:25 | Build | House |
| 7:27 | Build | House |
| 7:34 | Create | Villager (Male) |
| 7:34 | Create | Villager (Male) |
| 8:01 | Create | Villager (Male) |
| 8:31 | Create | Villager (Male) |
| 9:05 | Create | Villager (Male) ×2 |
| 9:05 | Create | Villager (Male) ×2 |
| 10:10 | Create | Villager (Male) ×5 |
| 10:31 | Create | Villager (Male) |
| 10:54 | Build | Mill |
| 12:19 | Research | Feudal Age |
| 12:26 | Build | Farm |
| 12:32 | Build | Farm |
| 12:56 | Build | Farm |
| 13:27 | Build | Farm |
| 14:01 | Build | Farm |
| 14:29 | Age | Feudal Age |
| 14:33 | Build | Market |
| 14:42 | Build | Blacksmith |
| 14:53 | Build | Farm |
| 15:35 | Research | Castle Age |
| 15:45 | Build | Farm |
| 16:24 | Build | Farm |
| 16:30 | Build | Farm |
| 16:32 | Research | Horse Collar |
| 16:49 | Research | Double-Bit Axe |
| 18:15 | Age | Castle Age |
| 18:18 | Build | Town Center |
| 18:20 | Create | Villager (Male) |
| 18:21 | Create | Villager (Male) |
| 18:25 | Research | Heavy Plow |
| 18:35 | Build | Town Center |
| 18:36 | Build | Town Center |
| 18:43 | Build | Town Center |
| 19:04 | Create | Villager (Male) |
| 19:12 | Build | Farm |
| 19:14 | Create | Villager (Male) |
| 19:16 | Create | Villager (Male) |
| 19:31 | Build | Farm |
| 19:35 | Build | Farm |
| 19:38 | Create | Villager (Male) |
| 19:47 | Build | Farm |
| 19:49 | Create | Villager (Male) |
| 20:08 | Build | Farm |
| 20:12 | Create | Villager (Male) |
| 20:23 | Create | Villager (Male) |
| 20:36 | Build | Farm |
| 20:38 | Create | Villager (Male) |
| 20:49 | Create | Villager (Male) |
| 21:03 | Create | Villager (Male) |
| 21:08 | Build | Farm |
| 21:13 | Build | Farm |
| 21:15 | Create | Villager (Male) |
| 21:24 | Create | Villager (Male) |
| 21:30 | Build | Farm |
| 21:31 | Build | Farm |
| 21:33 | Create | Villager (Male) |
| 21:46 | Create | Villager (Male) |
| 21:53 | Build | Farm |
| 21:58 | Create | Villager (Male) |
| 22:09 | Create | Villager (Male) |
| 22:13 | Create | Villager (Male) |
| 22:18 | Build | Farm |
| 22:26 | Create | Villager (Male) |
| 22:36 | Build | House |
| 22:37 | Build | House |
| 22:37 | Build | House |
| 22:39 | Build | House |
| 22:39 | Build | House |
| 22:40 | Build | House |
| 22:42 | Create | Villager (Male) ×2 |
| 22:55 | Build | Farm |
| 22:58 | Create | Villager (Male) ×2 |
| 23:10 | Build | Farm |
| 23:16 | Create | Villager (Male) ×2 |
| 23:18 | Build | House |
| 23:19 | Build | House |
| 23:28 | Build | Farm |
| 23:31 | Build | Farm |
| 23:33 | Create | Villager (Male) ×2 |
| 23:37 | Build | Farm |
| 23:46 | Build | House |
| 23:47 | Build | House |
| 23:49 | Build | House |
| 23:50 | Build | House |
| 23:51 | Build | House |
| 23:56 | Create | Villager (Male) ×3 |
| 23:59 | Build | Farm |
| 24:06 | Create | Villager (Male) |
| 24:09 | Create | Villager (Male) |
| 24:09 | Create | Villager (Male) |
| 24:16 | Build | Farm |
| 24:21 | Build | Farm |
| 24:24 | Create | Villager (Male) ×2 |
| 24:27 | Create | Villager (Male) |
| 24:31 | Build | Farm |
| 24:34 | Create | Villager (Male) |
| 24:38 | Build | House |
| 24:39 | Build | House |
| 24:44 | Build | House |
| 24:47 | Create | Villager (Male) ×2 |
| 24:51 | Build | Farm |
| 24:54 | Build | Farm |
| 24:58 | Create | Villager (Male) ×2 |
| 25:01 | Build | Farm |
| 25:08 | Create | Villager (Male) |
| 25:19 | Create | Villager (Male) ×2 |
| 25:26 | Create | Villager (Male) |
| 25:27 | Create | Villager (Male) ×2 |
| 25:31 | Build | Farm |
| 25:35 | Build | Farm |
| 25:38 | Create | Villager (Male) ×2 |
| 25:45 | Build | House |
| 25:46 | Build | House |
| 25:48 | Build | House |
| 25:51 | Build | House |
| 25:52 | Build | House |
| 25:53 | Build | House |
| 25:54 | Build | House |
| 25:55 | Build | House |
| 25:56 | Build | House |
Build order — Moquazinth
First 150 of 539 actions detected
| 0:00 | Create | Villager (Male) |
| 0:00 | Create | Villager (Male) |
| 0:00 | Create | Villager (Male) |
| 0:00 | Create | Villager (Male) |
| 0:02 | Build | House |
| 0:03 | Build | House |
| 1:24 | Create | Villager (Male) |
| 1:50 | Create | Villager (Male) |
| 1:54 | Build | Lumber Camp |
| 2:13 | Create | Villager (Male) |
| 2:48 | Create | Villager (Male) |
| 3:07 | Create | Villager (Male) |
| 3:31 | Create | Villager (Male) |
| 3:47 | Build | House |
| 3:51 | Create | Villager (Male) |
| 4:14 | Create | Villager (Male) |
| 4:17 | Build | Mill |
| 4:51 | Create | Villager (Male) |
| 5:02 | Build | Farm |
| 5:03 | Build | House |
| 5:06 | Create | Villager (Male) |
| 5:16 | Create | Villager (Male) |
| 5:32 | Create | Villager (Male) |
| 5:46 | Create | Villager (Male) |
| 6:01 | Create | Villager (Male) |
| 6:09 | Build | House |
| 6:29 | Create | Villager (Male) |
| 6:51 | Create | Villager (Male) |
| 7:08 | Build | Farm |
| 7:23 | Create | Villager (Male) |
| 8:41 | Research | Feudal Age |
| 9:17 | Build | House |
| 10:13 | Build | Mill |
| 10:36 | Create | Villager (Male) |
| 10:36 | Create | Villager (Male) |
| 10:55 | Age | Feudal Age |
| 10:56 | Build | Market |
| 11:01 | Build | Blacksmith |
| 11:45 | Research | Castle Age |
| 11:55 | Research | Double-Bit Axe |
| 12:16 | Research | Horse Collar |
| 13:52 | Create | Villager (Male) |
| 13:58 | Build | Farm |
| 14:25 | Age | Castle Age |
| 14:27 | Build | Town Center |
| 14:31 | Build | Town Center |
| 14:36 | Research | Bow Saw |
| 14:46 | Build | Farm |
| 14:47 | Create | Villager (Male) |
| 14:57 | Build | Farm |
| 14:57 | Create | Villager (Male) |
| 15:16 | Create | Villager (Male) |
| 15:18 | Build | Farm |
| 15:44 | Create | Villager (Male) |
| 15:46 | Build | Farm |
| 15:47 | Build | Farm |
| 15:50 | Create | Villager (Male) |
| 15:52 | Create | Villager (Male) |
| 15:52 | Create | Villager (Male) |
| 16:07 | Build | Farm |
| 16:12 | Create | Villager (Male) |
| 16:16 | Build | Farm |
| 16:17 | Build | Farm |
| 16:18 | Build | Farm |
| 16:19 | Build | Farm |
| 16:21 | Build | Farm |
| 16:22 | Create | Villager (Male) |
| 16:35 | Build | Farm |
| 16:37 | Create | Villager (Male) |
| 16:40 | Build | Farm |
| 16:42 | Create | Villager (Male) |
| 16:50 | Build | Farm |
| 16:54 | Create | Villager (Male) |
| 16:56 | Create | Villager (Male) |
| 17:00 | Build | Farm |
| 17:04 | Build | House |
| 17:08 | Build | Farm |
| 17:10 | Create | Villager (Male) |
| 17:15 | Create | Villager (Male) |
| 17:24 | Build | Farm |
| 17:28 | Create | Villager (Male) |
| 17:37 | Build | Farm |
| 17:42 | Create | Villager (Male) |
| 17:46 | Create | Villager (Male) |
| 17:48 | Build | House |
| 17:54 | Build | House |
| 17:57 | Create | Villager (Male) |
| 18:05 | Build | Town Center |
| 18:09 | Create | Villager (Male) |
| 18:14 | Create | Villager (Male) |
| 18:19 | Build | Lumber Camp |
| 18:25 | Create | Villager (Male) |
| 18:30 | Create | Villager (Male) |
| 18:37 | Build | House |
| 18:38 | Build | House |
| 18:40 | Create | Villager (Male) |
| 18:46 | Create | Villager (Male) |
| 18:51 | Create | Villager (Male) |
| 19:04 | Build | Town Center |
| 19:09 | Create | Villager (Male) |
| 19:12 | Create | Villager (Male) |
| 19:15 | Build | Farm |
| 19:21 | Create | Villager (Male) |
| 19:26 | Create | Villager (Male) |
| 19:31 | Build | House |
| 19:37 | Build | Farm |
| 19:38 | Build | Farm |
| 19:39 | Build | Farm |
| 19:40 | Build | Farm |
| 19:41 | Create | Villager (Male) |
| 19:46 | Build | Farm |
| 19:48 | Create | Villager (Male) |
| 19:53 | Create | Villager (Male) |
| 19:56 | Create | Villager (Male) |
| 19:57 | Build | Farm |
| 20:03 | Build | House |
| 20:08 | Build | Farm |
| 20:10 | Build | Farm |
| 20:14 | Create | Villager (Male) |
| 20:18 | Build | Farm |
| 20:19 | Build | Farm |
| 20:22 | Create | Villager (Male) |
| 20:28 | Create | Villager (Male) |
| 20:31 | Build | House |
| 20:34 | Build | Farm |
| 20:37 | Create | Villager (Male) |
| 20:39 | Create | Villager (Male) |
| 20:45 | Build | Farm |
| 20:47 | Create | Villager (Male) |
| 20:49 | Build | Farm |
| 20:51 | Create | Villager (Male) |
| 20:54 | Create | Villager (Male) |
| 20:54 | Create | Villager (Male) |
| 20:57 | Build | House |
| 20:58 | Build | House |
| 21:03 | Build | Farm |
| 21:05 | Create | Villager (Male) |
| 21:06 | Build | Farm |
| 21:08 | Create | Villager (Male) |
| 21:09 | Create | Villager (Male) |
| 21:12 | Create | Villager (Male) |
| 21:14 | Build | Farm |
| 21:18 | Create | Villager (Male) |
| 21:22 | Build | Mining Camp |
| 21:30 | Build | House |
| 21:31 | Create | Villager (Male) |
| 21:33 | Create | Villager (Male) |
| 21:36 | Build | Lumber Camp |
| 21:39 | Create | Villager (Male) |
| 21:42 | Create | Villager (Male) |
Build order — mystic
First 150 of 265 actions detected
| 0:03 | Create | Villager (Male) ×4 |
| 0:03 | Create | Villager (Male) ×4 |
| 0:08 | Build | House |
| 0:12 | Build | House |
| 1:29 | Create | Villager (Male) |
| 1:30 | Create | Villager (Male) |
| 2:15 | Create | Villager (Male) |
| 2:15 | Create | Villager (Male) |
| 2:37 | Create | Villager (Male) |
| 2:37 | Create | Villager (Male) |
| 3:17 | Create | Villager (Male) |
| 3:17 | Create | Villager (Male) |
| 3:50 | Create | Villager (Male) |
| 3:50 | Create | Villager (Male) |
| 3:51 | Create | Villager (Male) |
| 4:32 | Build | House |
| 4:42 | Create | Villager (Male) |
| 4:42 | Create | Villager (Male) |
| 4:42 | Create | Villager (Male) |
| 4:43 | Create | Villager (Male) |
| 4:53 | Create | Villager (Male) |
| 4:53 | Create | Villager (Male) |
| 4:53 | Create | Villager (Male) |
| 5:17 | Create | Villager (Male) |
| 5:17 | Create | Villager (Male) |
| 5:18 | Create | Villager (Male) |
| 5:18 | Create | Villager (Male) |
| 6:15 | Create | Villager (Male) |
| 6:23 | Build | Lumber Camp |
| 6:58 | Build | Mill |
| 7:15 | Create | Villager (Male) |
| 7:22 | Build | House |
| 8:41 | Create | Villager (Male) |
| 8:45 | Create | Villager (Male) |
| 8:53 | Build | Mining Camp |
| 9:57 | Build | Farm |
| 10:02 | Research | Feudal Age |
| 10:03 | Research | Feudal Age |
| 10:16 | Build | Mill |
| 11:36 | Build | Farm |
| 12:12 | Age | Feudal Age |
| 12:23 | Build | Market |
| 12:37 | Build | Blacksmith |
| 14:15 | Research | Castle Age |
| 14:19 | Research | Double-Bit Axe |
| 14:21 | Research | Horse Collar |
| 14:48 | Build | House |
| 14:52 | Create | Villager (Male) |
| 15:00 | Research | Heavy Plow |
| 15:52 | Research | Bow Saw |
| 16:52 | Create | Villager (Male) |
| 16:52 | Create | Villager (Male) |
| 16:55 | Age | Castle Age |
| 17:03 | Build | Town Center |
| 17:19 | Build | Monastery |
| 17:41 | Build | Farm |
| 17:42 | Build | Farm |
| 17:46 | Build | Farm |
| 17:47 | Build | Farm |
| 18:17 | Research | Wheelbarrow |
| 18:21 | Create | Villager (Male) |
| 18:21 | Create | Villager (Male) |
| 18:21 | Create | Villager (Male) |
| 18:22 | Create | Villager (Male) |
| 18:22 | Create | Villager (Male) |
| 18:30 | Build | Farm |
| 18:33 | Build | Farm |
| 18:34 | Build | Farm |
| 18:36 | Build | Farm |
| 19:03 | Build | House |
| 19:05 | Build | House |
| 19:06 | Build | House |
| 19:08 | Build | House |
| 19:10 | Build | House |
| 19:15 | Create | Villager (Male) |
| 19:16 | Create | Villager (Male) |
| 19:16 | Create | Villager (Male) |
| 19:31 | Build | Town Center |
| 19:38 | Create | Villager (Male) |
| 19:39 | Create | Villager (Male) |
| 19:59 | Create | Villager (Male) |
| 19:59 | Create | Villager (Male) |
| 20:00 | Create | Villager (Male) |
| 20:00 | Create | Villager (Male) |
| 20:00 | Create | Villager (Male) |
| 20:08 | Build | Mining Camp |
| 20:20 | Create | Villager (Male) |
| 20:20 | Create | Villager (Male) |
| 20:32 | Create | Villager (Male) |
| 20:33 | Create | Villager (Male) |
| 20:40 | Build | Farm |
| 20:41 | Build | Farm |
| 20:43 | Build | Farm |
| 20:44 | Build | Farm |
| 20:47 | Build | Farm |
| 20:48 | Build | Farm |
| 20:52 | Create | Monk |
| 20:52 | Create | Monk |
| 21:12 | Create | Villager (Male) |
| 21:12 | Create | Villager (Male) |
| 21:12 | Create | Villager (Male) |
| 21:16 | Research | Loom |
| 21:32 | Create | Villager (Male) |
| 21:32 | Create | Villager (Male) |
| 21:41 | Create | Villager (Male) |
| 21:42 | Create | Villager (Male) |
| 21:42 | Create | Villager (Male) |
| 22:01 | Create | Villager (Male) ×2 |
| 22:01 | Create | Villager (Male) ×2 |
| 22:01 | Create | Villager (Male) ×2 |
| 22:18 | Create | Villager (Male) |
| 22:18 | Create | Villager (Male) |
| 22:19 | Create | Villager (Male) |
| 22:27 | Build | House |
| 22:28 | Build | House |
| 22:30 | Build | House |
| 22:31 | Build | House |
| 22:36 | Create | Villager (Male) |
| 22:36 | Create | Villager (Male) |
| 22:36 | Create | Villager (Male) |
| 22:47 | Build | Farm |
| 22:49 | Build | Farm |
| 22:51 | Build | Farm |
| 22:52 | Build | Farm |
| 22:56 | Build | Farm |
| 23:00 | Create | Villager (Male) ×3 |
| 23:01 | Create | Villager (Male) ×3 |
| 23:01 | Create | Villager (Male) ×3 |
| 23:20 | Create | Villager (Male) ×2 |
| 23:20 | Create | Villager (Male) ×2 |
| 23:20 | Create | Villager (Male) ×2 |
| 23:34 | Create | Villager (Male) ×2 |
| 23:34 | Create | Villager (Male) ×2 |
| 23:48 | Build | House |
| 23:49 | Build | House |
| 23:50 | Build | House |
| 23:51 | Build | House |
| 23:51 | Build | House |
| 23:51 | Build | House |
| 23:51 | Build | House |
| 23:52 | Build | House |
| 23:52 | Build | House |
| 23:52 | Build | House |
| 23:57 | Create | Villager (Male) |
| 23:57 | Create | Villager (Male) |
| 23:58 | Create | Villager (Male) |
| 23:58 | Create | Villager (Male) |
| 23:58 | Create | Villager (Male) |
| 24:05 | Research | Gold Mining |
| 24:06 | Research | Stone Mining |
Build order — Olufe jam'kon
First 150 of 345 actions detected
| 0:04 | Create | Villager (Male) |
| 0:04 | Create | Villager (Male) |
| 0:04 | Create | Villager (Male) |
| 0:04 | Create | Villager (Male) |
| 0:04 | Create | Villager (Male) |
| 0:06 | Build | House |
| 0:07 | Build | House |
| 1:32 | Create | Villager (Male) |
| 1:52 | Build | Lumber Camp |
| 2:08 | Create | Villager (Male) |
| 2:26 | Create | Villager (Male) |
| 2:51 | Create | Villager (Male) |
| 3:00 | Build | House |
| 3:18 | Create | Villager (Male) |
| 3:52 | Build | House |
| 4:00 | Create | Villager (Male) |
| 4:25 | Create | Villager (Male) |
| 4:36 | Build | Mill |
| 4:37 | Create | Villager (Male) |
| 5:09 | Create | Villager (Male) |
| 5:13 | Create | Villager (Male) |
| 5:27 | Create | Villager (Male) |
| 5:34 | Create | Villager (Male) |
| 5:35 | Create | Villager (Male) |
| 6:08 | Create | Villager (Male) |
| 6:19 | Build | Farm |
| 6:25 | Build | Farm |
| 6:55 | Build | House |
| 7:39 | Build | Mining Camp |
| 7:47 | Create | Villager (Male) |
| 7:48 | Create | Villager (Male) |
| 8:18 | Build | Mining Camp |
| 8:37 | Research | Feudal Age |
| 10:41 | Age | Feudal Age |
| 10:44 | Build | Market |
| 10:46 | Build | Blacksmith |
| 11:33 | Create | Villager (Male) |
| 11:55 | Research | Castle Age |
| 12:04 | Research | Loom |
| 12:19 | Research | Double-Bit Axe |
| 12:38 | Research | Horse Collar |
| 14:20 | Age | Castle Age |
| 14:31 | Build | Town Center |
| 14:48 | Build | Town Center |
| 14:57 | Create | Villager (Male) |
| 14:57 | Create | Villager (Male) |
| 15:15 | Create | Villager (Male) |
| 15:46 | Create | Villager (Male) |
| 15:53 | Build | Farm |
| 15:54 | Build | Farm |
| 15:56 | Build | Farm |
| 15:58 | Create | Villager (Male) |
| 16:05 | Create | Villager (Male) |
| 16:20 | Create | Villager (Male) |
| 16:26 | Build | Farm |
| 16:38 | Create | Villager (Male) |
| 16:39 | Create | Villager (Male) |
| 16:39 | Create | Villager (Male) |
| 16:39 | Create | Villager (Male) |
| 16:46 | Create | Villager (Male) |
| 16:49 | Build | Farm |
| 16:53 | Build | Farm |
| 16:57 | Create | Villager (Male) |
| 17:11 | Build | House |
| 17:12 | Build | House |
| 17:13 | Build | House |
| 17:14 | Create | Villager (Male) |
| 17:34 | Build | Farm |
| 17:52 | Build | Farm |
| 17:53 | Build | Farm |
| 18:00 | Build | Farm |
| 18:01 | Create | Villager (Male) |
| 18:02 | Create | Villager (Male) |
| 18:06 | Create | Villager (Male) |
| 18:20 | Create | Villager (Male) |
| 18:29 | Build | Farm |
| 18:30 | Build | Farm |
| 18:36 | Build | Farm |
| 18:37 | Create | Villager (Male) |
| 18:42 | Create | Villager (Male) |
| 18:46 | Build | Farm |
| 18:48 | Build | Farm |
| 18:56 | Build | House |
| 19:02 | Create | Villager (Male) |
| 19:12 | Create | Villager (Male) |
| 19:13 | Create | Villager (Male) |
| 19:18 | Create | Villager (Male) |
| 19:30 | Build | Monastery |
| 19:31 | Create | Villager (Male) |
| 19:35 | Create | Villager (Male) |
| 19:46 | Build | Farm |
| 19:57 | Build | Farm |
| 20:05 | Build | Farm |
| 20:06 | Create | Villager (Male) |
| 20:11 | Build | Farm |
| 20:15 | Create | Villager (Male) |
| 20:15 | Create | Villager (Male) |
| 20:21 | Build | House |
| 20:22 | Build | House |
| 20:23 | Create | Monk |
| 20:35 | Create | Villager (Male) |
| 20:35 | Create | Villager (Male) |
| 20:41 | Build | House |
| 20:43 | Build | House |
| 20:45 | Research | Town Watch |
| 20:46 | Create | Villager (Male) |
| 20:57 | Build | Farm |
| 20:59 | Build | Farm |
| 21:00 | Build | Farm |
| 21:03 | Create | Villager (Male) |
| 21:09 | Create | Villager (Male) |
| 21:16 | Create | Villager (Male) |
| 21:16 | Create | Villager (Male) |
| 21:16 | Create | Villager (Male) |
| 21:25 | Build | Farm |
| 21:29 | Create | Villager (Male) |
| 21:37 | Build | Farm |
| 21:41 | Build | Farm |
| 21:44 | Build | Town Center |
| 21:50 | Build | Farm |
| 21:51 | Build | Farm |
| 21:53 | Build | Farm |
| 21:54 | Build | Farm |
| 21:58 | Create | Villager (Male) |
| 21:58 | Create | Villager (Male) |
| 21:58 | Create | Villager (Male) |
| 22:10 | Create | Villager (Male) |
| 22:11 | Create | Villager (Male) |
| 22:16 | Build | House |
| 22:17 | Build | House |
| 22:18 | Build | House |
| 22:19 | Build | House |
| 22:20 | Build | House |
| 22:47 | Research | Wheelbarrow |
| 22:49 | Create | Villager (Male) |
| 22:55 | Create | Villager (Male) |
| 22:55 | Create | Villager (Male) |
| 23:02 | Create | Villager (Male) |
| 23:08 | Create | Villager (Male) |
| 23:08 | Create | Villager (Male) |
| 23:13 | Create | Villager (Male) |
| 23:22 | Build | Barracks |
| 23:36 | Build | Farm |
| 23:39 | Create | Villager (Male) |
| 23:39 | Create | Villager (Male) |
| 23:40 | Create | Villager (Male) |
| 23:42 | Create | Villager (Male) |
| 24:05 | Build | Archery Range |
| 24:07 | Build | Archery Range |
| 24:10 | Create | Villager (Male) |
Build order — AA Is God
First 150 of 397 actions detected
| 0:03 | Research | Loom |
| 0:04 | Research | Loom |
| 0:04 | Create | Villager (Male) |
| 0:04 | Create | Villager (Male) |
| 0:04 | Create | Villager (Male) |
| 0:11 | Build | House |
| 0:12 | Build | House |
| 0:36 | Build | House |
| 1:38 | Create | Villager (Male) |
| 1:38 | Create | Villager (Male) |
| 1:53 | Build | Mill |
| 2:03 | Create | Villager (Male) |
| 2:03 | Create | Villager (Male) |
| 2:03 | Create | Villager (Male) |
| 2:34 | Create | Villager (Male) |
| 2:34 | Create | Villager (Male) |
| 2:35 | Create | Villager (Male) |
| 2:53 | Create | Villager (Male) |
| 2:54 | Create | Villager (Male) |
| 3:07 | Create | Villager (Male) |
| 3:08 | Create | Villager (Male) |
| 3:28 | Create | Villager (Male) |
| 3:28 | Create | Villager (Male) |
| 3:58 | Create | Villager (Male) |
| 3:58 | Create | Villager (Male) |
| 3:59 | Create | Villager (Male) |
| 4:01 | Create | Villager (Male) |
| 4:02 | Create | Villager (Male) |
| 4:18 | Build | House |
| 4:29 | Build | House |
| 4:38 | Create | Villager (Male) |
| 4:38 | Create | Villager (Male) |
| 4:39 | Create | Villager (Male) |
| 4:39 | Create | Villager (Male) |
| 4:54 | Create | Villager (Male) |
| 4:54 | Create | Villager (Male) |
| 5:08 | Create | Villager (Male) |
| 5:08 | Create | Villager (Male) |
| 5:30 | Create | Villager (Male) |
| 5:30 | Create | Villager (Male) |
| 5:40 | Create | Villager (Male) |
| 5:40 | Create | Villager (Male) |
| 6:08 | Build | Lumber Camp |
| 6:23 | Create | Villager (Male) |
| 6:23 | Create | Villager (Male) |
| 7:51 | Build | Mining Camp |
| 8:08 | Create | Villager (Male) |
| 8:40 | Research | Feudal Age |
| 9:11 | Create | Villager (Male) |
| 9:11 | Create | Villager (Male) |
| 10:59 | Age | Feudal Age |
| 11:02 | Build | Market |
| 11:13 | Build | Blacksmith |
| 11:43 | Research | Castle Age |
| 11:43 | Research | Castle Age |
| 11:43 | Research | Castle Age |
| 12:11 | Build | Mining Camp |
| 12:39 | Research | Fletching |
| 12:39 | Research | Fletching |
| 12:54 | Build | House |
| 12:59 | Build | House |
| 13:26 | Create | Villager (Male) |
| 13:26 | Create | Villager (Male) |
| 14:30 | Age | Castle Age |
| 14:49 | Create | Villager (Male) |
| 15:09 | Create | Villager (Male) |
| 15:09 | Create | Villager (Male) |
| 15:09 | Create | Villager (Male) |
| 15:29 | Build | Castle |
| 15:47 | Create | Villager (Male) |
| 15:47 | Create | Villager (Male) |
| 15:54 | Build | Farm |
| 15:56 | Build | Farm |
| 16:23 | Build | Lumber Camp |
| 16:35 | Create | Plumed Archer |
| 16:36 | Create | Plumed Archer |
| 16:36 | Create | Plumed Archer |
| 16:36 | Create | Plumed Archer |
| 16:37 | Create | Plumed Archer |
| 16:37 | Create | Plumed Archer |
| 16:37 | Create | Plumed Archer |
| 16:38 | Create | Plumed Archer |
| 17:01 | Create | Villager (Male) |
| 17:02 | Create | Villager (Male) |
| 17:02 | Create | Villager (Male) |
| 17:04 | Build | Farm |
| 17:08 | Build | Farm |
| 17:09 | Build | Farm |
| 17:15 | Create | Plumed Archer |
| 17:15 | Create | Plumed Archer |
| 17:15 | Create | Plumed Archer |
| 17:24 | Create | Villager (Male) |
| 17:25 | Create | Villager (Male) |
| 17:25 | Create | Villager (Male) |
| 17:52 | Create | Villager (Male) |
| 17:52 | Create | Villager (Male) |
| 17:53 | Create | Villager (Male) |
| 18:12 | Build | Town Center |
| 18:38 | Create | Villager (Male) |
| 18:38 | Create | Villager (Male) |
| 18:38 | Create | Villager (Male) |
| 19:01 | Create | Villager (Male) |
| 19:01 | Create | Villager (Male) |
| 19:01 | Create | Villager (Male) |
| 19:11 | Build | Farm |
| 19:13 | Build | Farm |
| 19:18 | Build | Farm |
| 19:20 | Build | Farm |
| 19:21 | Build | Farm |
| 19:23 | Build | Farm |
| 19:30 | Create | Villager (Male) |
| 19:30 | Create | Villager (Male) |
| 19:30 | Create | Villager (Male) |
| 19:35 | Build | Farm |
| 19:37 | Build | Farm |
| 19:40 | Build | Farm |
| 19:44 | Build | Farm |
| 19:54 | Create | Villager (Male) |
| 19:54 | Create | Villager (Male) |
| 19:54 | Create | Villager (Male) |
| 19:58 | Create | Villager (Male) |
| 19:59 | Create | Villager (Male) |
| 19:59 | Create | Villager (Male) |
| 20:19 | Create | Villager (Male) |
| 20:19 | Create | Villager (Male) |
| 20:23 | Build | Farm |
| 20:24 | Build | Farm |
| 20:26 | Create | Villager (Male) |
| 20:26 | Create | Villager (Male) |
| 20:27 | Create | Villager (Male) |
| 20:37 | Create | Villager (Male) |
| 20:37 | Create | Villager (Male) |
| 20:41 | Create | Villager (Male) |
| 20:41 | Create | Villager (Male) |
| 20:42 | Create | Villager (Male) |
| 20:50 | Build | House |
| 20:51 | Build | House |
| 20:52 | Build | House |
| 20:54 | Build | House |
| 20:55 | Build | House |
| 20:56 | Build | House |
| 20:59 | Create | Villager (Male) |
| 21:00 | Create | Villager (Male) |
| 21:00 | Create | Villager (Male) |
| 21:04 | Build | Farm |
| 21:06 | Create | Villager (Male) |
| 21:07 | Create | Villager (Male) |
| 21:12 | Build | Farm |
| 21:30 | Create | Villager (Male) |
| 21:30 | Create | Villager (Male) |
Build order — 291977362
First 150 of 217 actions detected
| 0:06 | Create | Villager (Male) |
| 0:07 | Create | Villager (Male) |
| 0:07 | Create | Villager (Male) |
| 0:07 | Create | Villager (Male) |
| 0:13 | Research | Loom |
| 0:13 | Create | Villager (Male) |
| 0:19 | Build | House |
| 0:23 | Build | House |
| 0:24 | Build | House |
| 1:00 | Create | Villager (Male) |
| 1:01 | Create | Villager (Male) |
| 1:01 | Create | Villager (Male) |
| 1:44 | Build | House |
| 2:32 | Build | Lumber Camp |
| 2:34 | Create | Villager (Male) |
| 2:34 | Create | Villager (Male) |
| 3:09 | Create | Villager (Male) |
| 3:09 | Create | Villager (Male) |
| 3:42 | Create | Villager (Male) |
| 3:42 | Create | Villager (Male) |
| 4:02 | Create | Villager (Male) |
| 5:04 | Create | Villager (Male) |
| 5:38 | Create | Villager (Male) |
| 5:38 | Create | Villager (Male) |
| 6:16 | Create | Villager (Male) |
| 6:16 | Create | Villager (Male) |
| 6:16 | Create | Villager (Male) |
| 6:24 | Create | Villager (Male) |
| 6:24 | Create | Villager (Male) |
| 7:08 | Create | Villager (Male) |
| 7:15 | Create | Villager (Male) |
| 7:15 | Create | Villager (Male) |
| 7:44 | Build | Mill |
| 8:06 | Research | Feudal Age |
| 9:20 | Build | Farm |
| 9:27 | Build | Farm |
| 9:30 | Build | Farm |
| 10:16 | Age | Feudal Age |
| 10:26 | Build | Farm |
| 10:34 | Build | Farm |
| 10:43 | Build | Farm |
| 11:22 | Build | Farm |
| 11:36 | Build | Farm |
| 11:37 | Build | Farm |
| 11:43 | Research | Horse Collar |
| 11:50 | Create | Villager (Male) |
| 11:50 | Create | Villager (Male) |
| 11:51 | Create | Villager (Male) |
| 12:22 | Research | Town Watch |
| 12:25 | Research | Double-Bit Axe |
| 12:31 | Create | Villager (Male) |
| 12:31 | Create | Villager (Male) |
| 12:55 | Build | House |
| 12:56 | Build | House |
| 13:22 | Create | Villager (Male) |
| 13:23 | Create | Villager (Male) |
| 15:00 | Build | Barracks |
| 15:21 | Research | Wheelbarrow |
| 15:26 | Build | House |
| 15:28 | Build | House |
| 15:29 | Build | House |
| 15:38 | Create | Villager (Male) |
| 15:38 | Create | Villager (Male) |
| 15:58 | Create | Spearman |
| 16:09 | Build | Archery Range |
| 16:16 | Build | Stable |
| 16:38 | Create | Spearman |
| 16:51 | Build | Blacksmith |
| 17:43 | Create | Villager (Male) |
| 17:43 | Create | Villager (Male) |
| 17:43 | Create | Villager (Male) |
| 17:57 | Build | Mining Camp |
| 18:03 | Build | Mining Camp |
| 18:15 | Create | Villager (Male) |
| 18:24 | Create | Villager (Male) |
| 18:24 | Create | Villager (Male) |
| 19:00 | Create | Villager (Male) |
| 19:00 | Create | Villager (Male) |
| 19:20 | Create | Villager (Male) |
| 19:20 | Create | Villager (Male) |
| 19:53 | Create | Villager (Male) |
| 19:53 | Create | Villager (Male) |
| 20:00 | Research | Castle Age |
| 20:06 | Create | Villager (Male) |
| 20:06 | Create | Villager (Male) |
| 20:19 | Create | Villager (Male) |
| 20:19 | Create | Villager (Male) |
| 20:31 | Research | Stone Mining |
| 21:05 | Create | Villager (Male) |
| 21:05 | Create | Villager (Male) |
| 21:40 | Build | Market |
| 21:52 | Build | Lumber Camp |
| 22:02 | Research | Gold Mining |
| 22:39 | Create | Villager (Male) |
| 22:39 | Create | Villager (Male) |
| 22:58 | Age | Castle Age |
| 23:15 | Research | Stone Shaft Mining |
| 23:22 | Research | Bloodlines |
| 23:41 | Build | Town Center |
| 24:06 | Build | Farm |
| 24:08 | Build | Farm |
| 24:10 | Build | Farm |
| 24:16 | Build | Farm |
| 24:34 | Research | Husbandry |
| 25:21 | Build | Castle |
| 25:31 | Create | Trade Cart |
| 25:56 | Create | Villager (Male) |
| 25:56 | Create | Villager (Male) |
| 26:07 | Build | Farm |
| 26:09 | Build | Farm |
| 26:10 | Build | Farm |
| 26:11 | Create | Villager (Male) |
| 26:11 | Create | Villager (Male) |
| 26:12 | Create | Villager (Male) |
| 26:12 | Create | Villager (Male) |
| 26:12 | Create | Villager (Male) |
| 26:18 | Build | Farm |
| 26:21 | Build | Farm |
| 26:27 | Create | Villager (Male) |
| 26:27 | Create | Villager (Male) |
| 26:27 | Create | Villager (Male) |
| 26:28 | Create | Villager (Male) |
| 26:49 | Build | Town Center |
| 26:56 | Create | Villager (Male) |
| 26:57 | Create | Villager (Male) |
| 26:57 | Create | Villager (Male) |
| 26:57 | Create | Villager (Male) |
| 27:26 | Create | Villager (Male) |
| 27:26 | Create | Villager (Male) |
| 27:27 | Create | Villager (Male) |
| 27:27 | Create | Villager (Male) |
| 27:57 | Create | Villager (Male) |
| 27:57 | Create | Villager (Male) |
| 28:09 | Research | Padded Archer Armor |
| 28:09 | Research | Fletching |
| 28:14 | Create | Villager (Male) |
| 28:14 | Create | Villager (Male) |
| 28:14 | Create | Villager (Male) |
| 28:27 | Build | Town Center |
| 28:51 | Build | Farm |
| 29:01 | Build | Farm |
| 29:03 | Build | Farm |
| 29:04 | Build | Farm |
| 29:05 | Create | Villager (Male) |
| 29:06 | Create | Villager (Male) |
| 29:06 | Create | Villager (Male) |
| 29:06 | Create | Villager (Male) |
| 29:21 | Build | Farm |
| 29:31 | Research | Scale Barding Armor |
| 29:37 | Create | Conquistador |
Build order — [GDL] Aleex
First 150 of 388 actions detected
| 0:02 | Create | Villager (Male) |
| 0:02 | Create | Villager (Male) |
| 0:03 | Build | House |
| 0:05 | Build | House |
| 0:23 | Create | Villager (Male) |
| 0:23 | Create | Villager (Male) |
| 1:24 | Create | Villager (Male) |
| 1:24 | Create | Villager (Male) |
| 2:00 | Create | Villager (Male) |
| 2:00 | Create | Villager (Male) |
| 2:14 | Build | Lumber Camp |
| 2:15 | Create | Villager (Male) |
| 2:32 | Create | Villager (Male) |
| 2:33 | Create | Villager (Male) |
| 3:09 | Create | Villager (Male) |
| 3:10 | Create | Villager (Male) |
| 3:10 | Create | Villager (Male) |
| 3:24 | Create | Villager (Male) |
| 3:24 | Create | Villager (Male) |
| 3:58 | Build | House |
| 4:00 | Build | House |
| 4:12 | Create | Villager (Male) |
| 4:12 | Create | Villager (Male) |
| 4:12 | Create | Villager (Male) |
| 4:26 | Create | Villager (Male) |
| 4:27 | Create | Villager (Male) |
| 5:12 | Create | Villager (Male) |
| 5:12 | Create | Villager (Male) |
| 5:12 | Create | Villager (Male) |
| 5:37 | Build | Mill |
| 5:39 | Create | Villager (Male) |
| 5:39 | Create | Villager (Male) |
| 6:08 | Create | Villager (Male) |
| 6:25 | Research | Loom |
| 7:11 | Research | Feudal Age |
| 7:11 | Research | Feudal Age |
| 7:12 | Research | Feudal Age |
| 8:21 | Create | Villager (Male) |
| 8:36 | Build | House |
| 8:40 | Build | House |
| 8:45 | Create | Villager (Male) |
| 9:11 | Create | Villager (Male) |
| 9:21 | Age | Feudal Age |
| 9:22 | Create | Villager (Male) |
| 9:25 | Build | Town Center |
| 9:25 | Research | Double-Bit Axe |
| 9:25 | Research | Double-Bit Axe |
| 9:26 | Research | Double-Bit Axe |
| 10:06 | Create | Villager (Male) |
| 10:06 | Create | Villager (Male) |
| 10:09 | Build | House |
| 10:24 | Create | Villager (Male) |
| 10:26 | Create | Villager (Male) |
| 10:28 | Build | House |
| 10:53 | Build | Farm |
| 10:54 | Build | Farm |
| 11:15 | Create | Villager (Male) |
| 11:15 | Create | Villager (Male) |
| 11:17 | Build | Farm |
| 11:18 | Create | Villager (Male) |
| 11:27 | Create | Villager (Male) |
| 11:28 | Create | Villager (Male) |
| 11:35 | Create | Villager (Male) |
| 11:42 | Build | Farm |
| 11:57 | Build | Farm |
| 12:00 | Create | Villager (Male) |
| 12:15 | Create | Villager (Male) |
| 12:15 | Create | Villager (Male) |
| 12:33 | Research | Horse Collar |
| 12:33 | Research | Horse Collar |
| 12:36 | Build | Farm |
| 12:38 | Build | Farm |
| 12:39 | Create | Villager (Male) |
| 13:02 | Create | Villager (Male) |
| 13:08 | Create | Villager (Male) |
| 13:13 | Build | Farm |
| 13:17 | Build | Farm |
| 13:51 | Create | Villager (Male) |
| 13:55 | Create | Villager (Male) |
| 13:57 | Build | Farm |
| 13:58 | Build | Farm |
| 14:00 | Build | Farm |
| 14:05 | Create | Villager (Male) |
| 14:09 | Build | House |
| 14:10 | Build | House |
| 14:12 | Build | House |
| 14:27 | Build | Farm |
| 14:32 | Build | Farm |
| 14:45 | Create | Villager (Male) |
| 14:55 | Build | Mining Camp |
| 14:57 | Create | Villager (Male) |
| 14:57 | Create | Villager (Male) |
| 15:05 | Build | Lumber Camp |
| 15:09 | Build | Farm |
| 15:14 | Build | Farm |
| 15:23 | Create | Villager (Male) |
| 15:28 | Build | Market |
| 15:43 | Build | Farm |
| 15:43 | Create | Villager (Male) |
| 15:44 | Create | Villager (Male) |
| 15:44 | Create | Villager (Male) |
| 15:52 | Create | Villager (Male) |
| 16:09 | Build | Blacksmith |
| 16:10 | Create | Villager (Male) |
| 16:11 | Create | Villager (Male) |
| 16:31 | Create | Villager (Male) |
| 16:32 | Build | Farm |
| 16:34 | Build | Farm |
| 16:52 | Build | House |
| 16:56 | Create | Villager (Male) |
| 17:15 | Build | House |
| 17:32 | Research | Castle Age |
| 17:32 | Research | Castle Age |
| 17:34 | Create | Villager (Male) |
| 17:34 | Create | Villager (Male) |
| 17:53 | Build | Farm |
| 17:54 | Build | Farm |
| 17:55 | Build | Farm |
| 17:57 | Build | Mill |
| 18:02 | Build | Farm |
| 18:03 | Research | Gold Mining |
| 18:22 | Research | Wheelbarrow |
| 18:39 | Build | Lumber Camp |
| 19:48 | Create | Villager (Male) |
| 19:48 | Create | Villager (Male) |
| 19:49 | Create | Villager (Male) |
| 19:50 | Create | Villager (Male) |
| 19:57 | Create | Villager (Male) |
| 20:08 | Create | Villager (Male) |
| 20:12 | Age | Castle Age |
| 20:15 | Build | Town Center |
| 20:21 | Build | Barracks |
| 20:28 | Create | Villager (Male) |
| 20:29 | Create | Villager (Male) |
| 20:30 | Research | Bow Saw |
| 20:31 | Research | Bow Saw |
| 20:36 | Create | Villager (Male) |
| 20:43 | Research | Scale Barding Armor |
| 20:53 | Build | Monastery |
| 21:06 | Create | Villager (Male) |
| 21:07 | Create | Villager (Male) |
| 21:07 | Create | Villager (Male) |
| 21:13 | Build | Farm |
| 21:14 | Build | Farm |
| 21:15 | Create | Villager (Male) |
| 21:19 | Create | Villager (Male) |
| 21:19 | Create | Villager (Male) |
| 21:20 | Create | Villager (Male) |
| 21:25 | Create | Monk |
| 21:26 | Create | Monk |
Build order — dearflight
First 150 of 298 actions detected
| 0:01 | Create | Villager (Male) |
| 0:01 | Create | Villager (Male) |
| 0:01 | Create | Villager (Male) |
| 0:02 | Create | Villager (Male) |
| 0:03 | Build | House |
| 0:04 | Build | House |
| 1:30 | Create | Villager (Male) |
| 1:30 | Create | Villager (Male) |
| 1:57 | Build | Lumber Camp |
| 2:03 | Create | Villager (Male) |
| 2:03 | Create | Villager (Male) |
| 2:32 | Create | Villager (Male) |
| 2:32 | Create | Villager (Male) |
| 2:33 | Create | Villager (Male) |
| 2:48 | Create | Villager (Male) |
| 2:48 | Create | Villager (Male) |
| 2:49 | Create | Villager (Male) |
| 3:05 | Create | Villager (Male) |
| 3:06 | Create | Villager (Male) |
| 3:51 | Create | Villager (Male) |
| 3:51 | Create | Villager (Male) |
| 3:56 | Build | House |
| 4:06 | Build | House |
| 4:08 | Build | House |
| 4:14 | Create | Villager (Male) |
| 4:14 | Create | Villager (Male) |
| 4:14 | Create | Villager (Male) |
| 4:21 | Build | Mill |
| 4:49 | Create | Villager (Male) |
| 4:49 | Create | Villager (Male) |
| 5:01 | Create | Villager (Male) |
| 5:01 | Create | Villager (Male) |
| 5:01 | Create | Villager (Male) |
| 5:09 | Build | House |
| 5:37 | Create | Villager (Male) |
| 5:37 | Create | Villager (Male) |
| 5:48 | Build | Mill |
| 6:16 | Create | Villager (Male) |
| 6:16 | Create | Villager (Male) |
| 6:34 | Create | Villager (Male) |
| 6:34 | Create | Villager (Male) |
| 6:34 | Create | Villager (Male) |
| 6:35 | Create | Villager (Male) |
| 7:31 | Build | Mining Camp |
| 7:36 | Create | Villager (Male) |
| 8:00 | Build | Farm |
| 8:17 | Create | Villager (Male) |
| 8:26 | Build | Farm |
| 8:39 | Create | Villager (Male) |
| 8:57 | Create | Villager (Male) |
| 9:15 | Build | Mining Camp |
| 9:33 | Research | Feudal Age |
| 11:04 | Create | Villager (Male) |
| 11:04 | Create | Villager (Male) |
| 11:46 | Age | Feudal Age |
| 11:51 | Build | Market |
| 11:54 | Build | Blacksmith |
| 12:48 | Research | Castle Age |
| 12:48 | Research | Castle Age |
| 12:59 | Build | House |
| 13:10 | Research | Double-Bit Axe |
| 13:29 | Build | Farm |
| 13:35 | Build | House |
| 14:48 | Create | Villager (Male) |
| 14:48 | Create | Villager (Male) |
| 15:05 | Build | Farm |
| 15:28 | Age | Castle Age |
| 15:33 | Build | Town Center |
| 15:41 | Build | Town Center |
| 15:47 | Research | Bow Saw |
| 15:52 | Research | Horse Collar |
| 16:17 | Create | Villager (Male) |
| 16:31 | Research | Heavy Plow |
| 16:56 | Build | Stone Wall |
| 17:05 | Build | Stone Wall |
| 17:12 | Create | Villager (Male) |
| 17:14 | Create | Villager (Male) |
| 17:21 | Build | Siege Workshop |
| 18:00 | Build | House |
| 18:01 | Build | House |
| 18:12 | Build | House |
| 18:15 | Create | Villager (Male) |
| 18:15 | Create | Villager (Male) |
| 18:20 | Build | Farm |
| 18:21 | Build | Farm |
| 18:24 | Build | Farm |
| 18:32 | Create | Iron Pagoda |
| 18:39 | Create | Villager (Male) |
| 18:47 | Build | Farm |
| 19:02 | Build | House |
| 19:07 | Create | Villager (Male) |
| 19:07 | Create | Villager (Male) |
| 19:19 | Build | House |
| 19:20 | Build | House |
| 19:33 | Build | Farm |
| 19:34 | Build | Farm |
| 19:39 | Build | Farm |
| 19:41 | Build | Farm |
| 19:43 | Build | Farm |
| 19:48 | Build | Farm |
| 19:58 | Build | House |
| 20:02 | Create | Villager (Male) |
| 20:03 | Create | Villager (Male) |
| 20:03 | Create | Villager (Male) |
| 20:16 | Build | Farm |
| 20:22 | Build | House |
| 20:23 | Build | House |
| 20:45 | Build | Palisade Gate |
| 20:56 | Build | Palisade Gate |
| 20:57 | Create | Villager (Male) |
| 20:58 | Create | Villager (Male) |
| 20:58 | Create | Villager (Male) |
| 20:58 | Create | Villager (Male) |
| 21:04 | Build | Farm |
| 21:10 | Build | Farm |
| 21:14 | Create | Villager (Male) |
| 21:19 | Build | Farm |
| 21:23 | Build | Farm |
| 21:31 | Build | Farm |
| 21:34 | Create | Villager (Male) |
| 21:37 | Create | Villager (Male) |
| 21:38 | Create | Villager (Male) |
| 22:01 | Create | Villager (Male) |
| 22:01 | Create | Villager (Male) |
| 22:01 | Create | Villager (Male) |
| 22:14 | Build | Farm |
| 22:20 | Build | Farm |
| 22:22 | Build | Farm |
| 22:28 | Create | Villager (Male) |
| 22:29 | Create | Villager (Male) |
| 22:32 | Create | Villager (Male) |
| 22:38 | Build | Farm |
| 22:40 | Build | Farm |
| 22:44 | Build | Farm |
| 22:46 | Build | Farm |
| 23:12 | Create | Villager (Male) |
| 23:13 | Create | Villager (Male) |
| 23:13 | Create | Villager (Male) |
| 23:28 | Build | House |
| 23:29 | Build | House |
| 23:30 | Build | House |
| 23:36 | Build | Farm |
| 23:43 | Create | Villager (Male) |
| 23:44 | Create | Villager (Male) |
| 23:45 | Create | Villager (Male) |
| 23:54 | Create | Villager (Male) |
| 23:55 | Create | Villager (Male) |
| 23:55 | Create | Villager (Male) |
| 24:01 | Build | Farm |
| 24:11 | Build | Farm |
Match timeline
| 9:21 | [GDL] Aleex · age_up feudal |
| 10:16 | 291977362 · age_up feudal |
| 10:41 | Olufe jam'kon · age_up feudal |
| 10:55 | Moquazinth · age_up feudal |
| 10:59 | AA Is God · age_up feudal |
| 11:46 | dearflight · age_up feudal |
| 11:51 | Olufe jam'kon · first_market_buy 100 food |
| 11:52 | Olufe jam'kon · first_market_sell 100 wood |
| 12:12 | mystic · age_up feudal |
| 14:20 | Olufe jam'kon · age_up castle |
| 14:25 | Moquazinth · age_up castle |
| 14:29 | Bench · age_up feudal |
| 14:30 | AA Is God · age_up castle |
| 15:00 | 291977362 · first_building Barracks |
| 15:28 | dearflight · age_up castle |
| 15:29 | AA Is God · first_building Castle |
| 16:09 | 291977362 · first_building Archery Range |
| 16:16 | 291977362 · first_building Stable |
| 16:55 | mystic · age_up castle |
| 16:56 | dearflight · wall_segment Stone Wall x5 |
| 17:05 | dearflight · wall_segment Stone Wall x9 |
| 17:19 | mystic · first_building Monastery |
| 17:21 | dearflight · first_building Siege Workshop |
| 18:15 | Bench · age_up castle |
| 19:30 | Olufe jam'kon · first_building Monastery |
| 20:12 | [GDL] Aleex · age_up castle |
| 20:21 | [GDL] Aleex · first_building Barracks |
| 20:53 | [GDL] Aleex · first_building Monastery |
| 21:54 | [GDL] Aleex · first_building Siege Workshop |
| 21:56 | [GDL] Aleex · first_building Stable |
| 22:58 | 291977362 · age_up castle |
| 23:22 | Olufe jam'kon · first_building Barracks |
| 24:05 | Olufe jam'kon · first_building Archery Range |
| 24:10 | Moquazinth · first_building Castle |
| 25:05 | dearflight · first_building Castle |
| 25:15 | Olufe jam'kon · first_building Castle |
| 25:16 | mystic · first_market_buy 100 stone |
| 25:21 | 291977362 · first_building Castle |
| 25:30 | mystic · first_building Castle |
| 25:32 | dearflight · first_building Monastery |
| 25:38 | Moquazinth · first_market_sell 100 food |
| 26:17 | Bench · first_building Castle |
| 26:21 | Moquazinth · first_building Barracks |
| 26:28 | dearflight · first_building Barracks |
| 26:28 | mystic · first_building Barracks |
| 26:58 | AA Is God · first_building Barracks |
| 27:21 | Bench · first_building Barracks |
| 27:23 | Moquazinth · first_market_buy 100 wood |
| 27:38 | mystic · first_building Stable |
| 28:08 | Bench · first_building Siege Workshop |
| 29:04 | Olufe jam'kon · age_up imperial |
| 29:07 | Moquazinth · age_up imperial |
| 29:44 | mystic · first_building Siege Workshop |
| 30:25 | AA Is God · age_up imperial |
| 30:32 | Moquazinth · first_building Siege Workshop |
| 30:39 | dearflight · age_up imperial |
| 31:34 | [GDL] Aleex · first_building Castle |
| 32:42 | [GDL] Aleex · age_up imperial |
| 32:48 | mystic · first_building Archery Range |
| 33:32 | Bench · age_up imperial |
| 34:19 | Bench · first_market_buy 100 stone |
| 36:24 | Bench · first_market_sell 500 wood |
| 36:24 | [GDL] Aleex · first_market_buy 100 wood |
| 37:35 | Moquazinth · first_building Archery Range |
| 37:36 | mystic · age_up imperial |
| 37:46 | dearflight · wall_segment Stone Wall x2 |
| 38:19 | AA Is God · resign |
[ AI ANALYSIS · 1 CREDIT ]
What really happened in this match?
Wolo.gg analyzes every decision: build order, eco, micro, common mistakes by bracket. Personalized analysis on WhatsApp or Discord in 30 seconds.
Civ guide
Bohemians
Perfil
Jugador #1550113